 Dungeon Crawl Stone Soup version 0.31.0-1-g2c135a0 (webtiles) character file.

Game seed: 12166728627122113053

24688676 DispaterIsMyDaddy the Conqueror (level 27, 159/159 HPs)
             Began as a Gargoyle Gladiator on Jan 20, 2024.
             Was the Champion of the Shining One.
             Escaped with the Orb
             ... and 15 runes
             ... and 7 gems (6 intact)!
             The game lasted 04:47:28 (62759 turns).

DispaterIsMyDaddy the Conqueror (GrGl)             Turns: 62759, Time: 04:47:28

Health: 159/159    AC: 62    Str: 30 (33) XL:     27
Magic:  32/32      EV: 29    Int: 10 (14) God:    the Shining One [******]
Gold:   3880       SH: 34    Dex: 18      Spells: 26/26 levels left

rFire   + + .        K - +9 sacred scourge (holy)
rCold   + + +        m - +8 tower shield
rNeg    + + +        T - +7 plate armour of Tulips {rC+ Regen+}
rPois   ∞            (helmet restricted)
rElec   +            M - +4 dragonskin cloak
rCorr   .            S - +2 pair of gloves {Str+3}
SInv    .            j - +0 pair of boots of Toam {rF+ rC+ Dex+3}
Will    ++...        B - amulet of regeneration Stlth
                     k - ring of Cowardice {Wiz rElec rPois rF+}
HPRegen 2.06/turn    Y - ring of Nilirph {rC+ EV+5 Dex+5}
MPRegen 0.23/turn

%: wizardry (x1)
@: flying, glowing, studying 4 skills
A: sickness immunity, AC +20, big wings, negative energy resistance 1,
electricity resistance, torment resistance 1, petrification resistance, horns 1,
clever 1, deterioration 1, frail 2, low MP 2, inability to drink after injury 1
0: Orb of Zot
}: 15/15 runes: serpentine, barnacled, slimy, silver, golden, iron, obsidian,
icy, bone, abyssal, demonic, glowing, magical, fiery, dark
a: Renounce Religion, Divine Shield, Cleansing Flame, Summon Divine Warrior


You escaped.
You worshipped the Shining One.
The Shining One was exalted by your worship.
You visited 18 branches of the dungeon, and saw 87 of its levels.
You visited Pandemonium 2 times, and saw 18 of its levels.
You visited the Abyss 3 times.
You also visited: Trove, Gauntlet and Volcano.

You collected 8020 gold pieces.
You spent 4140 gold pieces at shops.

Inventory:

Hand Weapons
 K - a +9 sacred scourge of holy wrath (weapon)
 R - a +8 eveningstar of protection
Missiles
 e - 34 javelins
 C - 5 darts of dispersal
 H - 7 throwing nets
 Q - 47 boomerangs
 U - 9 silver javelins (quivered)
 Z - 5 curare-tipped darts
Armour
 c - a +2 helmet
 h - the +1 cloak of the Sheltering Gods {rC+}
   (You found it in a Gauntlet)

   rC+:       It protects you from cold.
 j - the +0 pair of boots of Toam (worn) {rF+ rC+ Dex+3}
   (You found it on level 3 of the Elven Halls)

   Dex+3:     It affects your dexterity (+3).
   rF+:       It protects you from fire.
   rC+:       It protects you from cold.
 m - a +8 tower shield (worn)
 I - a scarf of repulsion
 M - the +4 dragonskin cloak (worn)
   (You took it off Tiamat on level 2 of the Realm of Zot)

   Avatar's Aegis: It grants the wearer a chance to resist fire, cold, poison,
   electricity, acid, and negative energy.
 S - a +2 pair of gloves of strength (worn)
 T - the +7 plate armour of Tulips (worn) {rC+ Regen+}
   (You acquired it in a Gauntlet)

   rC+:       It protects you from cold.
   Regen+:    It increases your rate of health regeneration.
 W - the +9 plate armour of the Nine Knives {rF+}
   (You found it on level 5 of the Vaults)

   rF+:       It protects you from fire.
Jewellery
 a - the ring of Qazlal, Fortifying {rElec rF+}
   (You found it on level 5 of the Pits of Slime)

   [ring of protection from fire]

   rF+:       It protects you from fire.
   rElec:     It insulates you from electricity.
 b - the ring of Doubts {MP+9 EV+5 Dex+4 Stlth+}
   (You found it on level 1 of the Shoals)

   [ring of evasion]

   EV+5:      It affects your evasion (+5).
   Dex+4:     It affects your dexterity (+4).
   MP+9:      It affects your magic capacity (+9).
   Stlth+:    It makes you more stealthy.
 i - the ring of Datsama {rCorr Dex+3}
   (You found it on level 7 of Tartarus)

   [ring of resist corrosion]

   Dex+3:     It affects your dexterity (+3).
   rCorr:     It protects you from acid and corrosion.
 k - the ring of Cowardice (left hand) {Wiz rElec rPois rF+}
   (You took it off a frost giant on level 5 of the Vaults)

   [ring of wizardry]

   Wiz:       It improves your spell success rate.
   rF+:       It protects you from fire.
   rElec:     It insulates you from electricity.
   rPois:     It protects you from poison
 o - the ring of Kecsorghe {rC+ Str+3 Int-2 Dex+6 SInv}
   (You found it on level 7 of Tartarus)

   [ring of dexterity]

   Str+3:     It affects your strength (+3).
   Int-2:     It affects your intelligence (-2).
   Dex+6:     It affects your dexterity (+6).
   rC+:       It protects you from cold.
   SInv:      It lets you see invisible.
 B - an amulet of regeneration (around neck)
 E - the ring of Yvymun {Will+ Str+3}
   (You found it in Pandemonium)

   [ring of willpower]

   Str+3:     It affects your strength (+3).
   Will+:     It increases your willpower.
 Y - the ring of Nilirph (right hand) {rC+ EV+5 Dex+5}
   (You found it in a Gauntlet)

   [ring of evasion]

   EV+5:      It affects your evasion (+5).
   Dex+5:     It affects your dexterity (+5).
   rC+:       It protects you from cold.
Wands
 d - a wand of roots (36)
 p - a wand of quicksilver (79)
 G - a wand of digging (18)
 L - a wand of mindburst (24)
Scrolls
 f - 6 scrolls of fog
 g - 19 scrolls of teleportation
 l - 11 scrolls of blinking
 q - 11 scrolls of fear
 r - 8 scrolls of poison
 t - 3 scrolls of enchant armour
 x - a scroll of amnesia
 y - 3 scrolls of immolation
Potions
 n - 15 potions of curing
 s - 2 potions of might
 v - 2 potions of berserk rage
 w - 4 potions of cancellation
 z - 3 potions of mutation
 A - 17 potions of ambrosia
 D - 18 potions of heal wounds
 F - 8 potions of brilliance
 J - 6 potions of haste
 P - 2 potions of resistance
 V - 10 potions of enlightenment
 X - 4 potions of invisibility
Miscellaneous
 u - a condenser vane
 N - a phial of floods
 O - a figurine of a ziggurat


   Skills:
 O Level 27 Fighting
 O Level 27 Maces & Flails
 + Level 13.2 Throwing
 O Level 27 Armour
 O Level 27 Dodging
 - Level 7.6 Stealth
 O Level 27 Shields
 O Level 27 Invocations
 - Level 7.9 Evocations


You had 26 spell levels left.
You didn't know any spells.
Your spell library contained the following spells:

 Spells                   Type           Power      Damage    Failure   Level
 Foxfire                  Conj/Fire      0%         2x1d4     38%         1
 Freeze                   Ice            0%         1d3       38%         1
 Magic Dart               Conj           0%         1d3       38%         1
 Shock                    Conj/Air       0%         1d3       38%         1
 Slow                     Hex            0%         N/A       38%         1
 Blink                    Tloc           0%         N/A       50%         2
 Ensorcelled Hibernation  Hex/Ice        0%         N/A       50%         2
 Lesser Beckoning         Tloc           0%         N/A       50%         2
 Momentum Strike          Conj/Tloc      0%         3d8       50%         2
 Searing Ray              Conj           0%         2d4       50%         2
 Static Discharge         Conj/Air       0%         3-3/arc   50%         2
 Call Canine Familiar     Summ           0%         N/A       73%         3
 Confusing Touch          Hex            0%         N/A       73%         3
 Dazzling Flash           Conj/Hex       0%         N/A       73%         3
 Frozen Ramparts          Ice            0%         1d1       73%         3
 Fugue of the Fallen      Necr           0%         N/A       73%         3
 Gell's Gravitas          Tloc           0%         N/A       73%         3
 Hailstorm                Conj/Ice       0%         3d5       73%         3
 Ozocubu's Armour         Ice            0%         N/A       73%         3
 Sigil of Binding         Hex            0%         N/A       73%         3
 Stone Arrow              Conj/Erth      0%         3d7       73%         3
 Summon Ice Beast         Ice/Summ       0%         N/A       73%         3
 Swiftness                Air            0%         N/A       73%         3
 Teleport Other           Tloc           0%         N/A       73%         3
 Vampiric Draining        Necr           0%         2d6       73%         3
 Volatile Blastmotes      Fire/Tloc      0%         2d10      73%         3
 Airstrike                Air            0%         2d(0-16)  98%         4
 Anguish                  Hex/Necr       0%         N/A       98%         4
 Animate Armour           Summ/Erth      0%         N/A       98%         4
 Brom's Barrelling Bould  Conj/Erth      0%         2d3       98%         4
 Cause Fear               Hex            0%         N/A       98%         4
 Dimensional Bullseye     Hex/Tloc       0%         N/A       98%         4
 Dispel Undead            Necr           0%         3d6       98%         4
 Fulminant Prism          Conj/Alch      0%         3d5       98%         4
 Iskenderun's Mystic Bla  Conj/Tloc      0%         2d3       98%         4
 Leda's Liquefaction      Alch/Erth      0%         N/A       98%         4
 Manifold Assault         Tloc           0%         N/A       98%         4
 Martyr's Knell           Necr/Summ      0%         N/A       98%         4
 Olgreb's Toxic Radiance  Alch           0%         N/A       98%         4
 Petrify                  Alch/Erth      0%         N/A       98%         4
 Sticky Flame             Fire/Alch      0%         2d4       98%         4
 Vhi's Electric Charge    Tloc/Air       0%         N/A       98%         4
 Alistair's Intoxication  Alch           0%         N/A       100%        5
 Arcjolt                  Conj/Air       0%         1d10      100%        5
 Borgnjor's Vile Clutch   Necr/Erth      0%         N/A       100%        5
 Fireball                 Conj/Fire      0%         3d3       100%        5
 Irradiate                Conj/Alch      0%         3d11      100%        5
 Iskenderun's Battlesphe  Conj           0%         2d6       100%        5
 Lee's Rapid Deconstruct  Erth           0%         3d4*      100%        5
 Metabolic Englaciation   Hex/Ice        0%         N/A       100%        5
 Summon Forest            Summ/Tloc      0%         N/A       100%        5
 Summon Mana Viper        Hex/Summ       0%         N/A       100%        5
 Yara's Violent Unravell  Hex/Alch       0%         3d3       100%        5
 Bombard                  Conj/Erth      0%         9d1       100%        6
 Conjure Ball Lightning   Conj/Air       0%         3x3d6     100%        6
 Death Channel            Necr           0%         N/A       100%        6
 Dispersal                Tloc           0%         N/A       100%        6
 Eringya's Noxious Bog    Alch           0%         4d6       100%        6
 Plasma Beam              Fire/Air       0%         2x1d10    100%        6
 Sculpt Simulacrum        Ice/Alch       0%         N/A       100%        6
 Starburst                Conj/Fire      0%         6d3       100%        6
 Summon Cactus Giant      Summ           0%         N/A       100%        6
 Enfeeble                 Hex            0%         N/A       100%        7
 Malign Gateway           Summ/Tloc      0%         N/A       100%        7
 Orb of Destruction       Conj           0%         9d5       100%        7
 Ozocubu's Refrigeration  Ice            0%         4d7       100%        7
 Summon Hydra             Summ           0%         N/A       100%        7
 Discord                  Hex            0%         N/A       100%        8
 Disjunction              Tloc           0%         N/A       100%        8
 Lehudib's Crystal Spear  Conj/Erth      0%         10d2      100%        8
 Maxwell's Capacitive Co  Air            0%         ∞         100%        8
 Chain Lightning          Conj/Air       0%         N/A       100%        9
 Fire Storm               Conj/Fire      0%         5d1       100%        9
 Polar Vortex             Ice            0%         N/A       100%        9
 Shatter                  Erth           0%         3d5*      100%        9
 Cigotuvi's Dreadful Rot  Necr/Alch/Air  Unusable   N/A       N/A         2
 Sublimation of Blood     Necr           Unusable   N/A       N/A         2

Dungeon Overview and Level Annotations

Branches:
Dungeon (15/15)            Temple (1/1) D:7            Lair (5/5) D:10
 Shoals (4/4) Lair:2        Snake (4/4) Lair:2        Slime (5/5) Lair:5
    Orc (2/2) D:11            Elf (3/3) Orc:2        Vaults (5/5) D:13
  Crypt (3/3) Vaults:3       Tomb (3/3) Crypt:3      Depths (4/4) D:15
   Hell (visited)             Dis (7/7) Hell            Geh (7/7) Hell
    Coc (7/7) Hell            Tar (7/7) Hell            Zot (5/5) Depths:4
Volcano (visited)         Gauntlet (visited)

Altars:
Ashenzari
Cheibriados
Dithmenos
Elyvilon
Fedhas
Gozag
Hepliaklqana
Kikubaaqudgha
Makhleb
Nemelex Xobeh
Okawaru
Qazlal
Ru
Sif Muna
Trog
Uskayaw
Vehumet
Wu Jian
Xom
Yredelemnul
Zin
The Shining One
Jiyva

Shops:
D:4 *   D:15 ?   Orc:2 [??(   Elf:2 *   Snake:2 :=:[   Vaults:1 =?*(
Vaults:5 *   Depths:3 ![**

Portals:
Hell: Depths:3
Pandemonium: Depths:4


Innate Abilities, Weirdness & Mutations

You are immune to sickness and miasma.
Your stone body is resilient. (AC +20)
You are immune to poison.
Your large and strong wings let you fly.
You resist negative energy. (rN+)
You are resistant to electric shocks. (rElec)
You are resistant to unholy torment.
You are immune to petrification.
You have a pair of small horns on your head.
Your mind is acute. (Int +4, Str/Dex -1)
Your body sometimes deteriorates upon taking damage.
You are very frail. (-20% HP)
Your magical capacity is very low. (-20% MP)
You occasionally lose the ability to drink potions when taking damage.


Message History

There is a stone staircase leading down here.
What level of the Dungeon? (default 1, ? - help)
There is a stone staircase leading up here.
You fly upwards.
There is a stone staircase leading down here.
A green death comes into view.
You thrash the green death!!
The green death convulses.
You headbutt the green death.
The green death is heavily wounded.
You thrash the green death!!
The green death convulses.
You kill the green death!
The Shining One accepts your kill.
No target in view!
No target in view!
No target in view!
You see here a +0 flail.
There is a stone staircase leading up here.
You fly upwards.
There is a stone staircase leading down here.
What level of the Dungeon? (default 1, ? - help)
There is a stone staircase leading up here.
You fly upwards.
There is a stone staircase leading down here.
A blizzard demon comes into view.
You thrash the blizzard demon!!
The blizzard demon convulses.
Your headbutt misses the blizzard demon.
The blizzard demon is moderately wounded.
You punish the blizzard demon, causing immense pain!!!
You kill the blizzard demon!
The Shining One accepts your kill.
No target in view!
No target in view!
There is a stone staircase leading up here.
You fly upwards.
There is a stone staircase leading down here.
What level of the Dungeon? (default 1, ? - help) You're already here!
There is an open door here.
There is a staircase leading out of the dungeon here.
You have escaped!

######### #...
#.......#############...
#.#####.................
#.####..##...##########.
#...............## #.
#####.#######.###..## ###.
#.....#.....#....#..# #...
#.###>#.....#.##.##.###.##
#...#.+..@..'.##.#..#...†(
###.#.#.....#.##.#.####.##
#....#.....#.##.#.†......
####.#######.##.###......
#....[.......#....#......
#.###......###....##.....
####............#..#.##.....
#............##.#..#.##.....
#....#....#.###'#.......#.#.


There were no monsters in sight!

Vanquished Creatures
  Cerebov (Pan)
  Antaeus (Coc:7)
  Asmodeus (Geh:7)
  the Royal Jelly (Slime:5)
  Ereshkigal (Tar:7)
  Gloorx Vloq (Pan)
  Mnoleg (Pan)
  2 seraphim
  Lom Lobon (Pan)
  Tiamat (Zot:2)
  7 dread liches
  3 ancient liches
  5 orbs of fire
  Dispater (Dis:7)
  Mennas (Depths:3)
  Mara (Shoals:3)
  The ghost of Toelubet the Slayer, a veteran CeHu of Okawaru (Zot:2)
  The ghost of Xenat the Impregnable, a veteran MiGl of Hepliaklqana (Crypt:1)
  Josephina (Depths:2)
  29 royal mummies
  21 pandemonium lords
  12 shard shrikes
  Geryon (Hell)
  39 caustic shrikes
  7 Killer Klowns (Zot:5)
  Jory (Depths:3)
  8 golden dragons
  Nikola (Vaults:3)
  23 profane servitors
  Norris (Depths:2)
  23 bone dragons
  13 doom hounds
  A pearl dragon (Abyss:3)
  26 Tzitzimimeh
  7 electric golems
  6 iron giants
  2 spectral shard shrikes
  26 Brimstone Fiends
  15 tentacled monstrosities
  12 hellephants
  29 Hell Sentinels
  21 Ice Fiends
  27 tainted leviathans
  40 Orb Guardians
  13 liches
  33 searing wretches
  6 quicksilver dragons
  9 deep elf master archers
  10 deep elf blademasters
  The ghost of DispaterIsMyDaddy the Bludgeoner, an adept GrGl of Okawaru (Elf:3)
  3 walking frostbound tomes (Pan)
  A walking divine tome (Depths:2)
  6 acid blobs
  15 tentacled starspawn
  9 sphinxes
  29 titans
  28 Executioners
  22 ancient champions
  12 death cobs
  2 krakens (Shoals:4)
  Frances (Shoals:2)
  6 tengu reavers
  Polyphemus (Shoals:3)
  18 storm dragons
  6 shadow dragons
  8 rockslimes (Slime:5)
  Roxanne (Shoals:2)
  Donald (Orc:2)
  4 draconian monks
  4 revenants
  7 narguns
  4 nagarajas
  3 fenstrider witches (Pan)
  Ilsuiw (Shoals:4)
  10 demonspawn warmongers
  4 daevas
  5 deep elf sorcerers
  Aizul (Snake:4)
  6 protean progenitors (Pan)
  7 quicksilver elementals
  35 frost giants
  4 draconian knights
  41 balrugs
  A spectral juggernaut (Tar:3)
  11 azure jellies
  10 vault wardens
  31 fire giants
  11 shard shrike simulacra
  3 deep elf elementalists (Elf:3)
  2 angels
  5 draconian scorchers
  6 curse skulls
  2 ghost moths
  11 iron dragons
  The ghost of Bityczex the Eclecticist, an adept DEFE of Sif Muna (Shoals:2)
  A draconian stormcaller (Zot:4)
  4 ghouls
  An orc warlord (Vaults:3)
  10 quicksilver oozes
  10 draconian annihilators
  9 ironbound preservers
  4 ironbound thunderhulks
  14 demonspawn blood saints
  33 cacodemons
  9 demonspawn corrupters
  5 caustic shrike skeletons
  38 reapers
  3 juggernaut skeletons (Pan)
  26 stone giants
  14 bennus
  27 elemental wellsprings
  19 very ugly things
  8 black draconians
  11 deep elf annihilators
  2 vampire knights (Crypt:2)
  24 war gargoyles
  39 putrid mouths
  13 deep elf death magi
  13 demonspawn black suns (Pan)
  6 deep elf demonologists
  10 red draconians
  13 yellow draconians
  5 green draconians
  A bunyip (Abyss:3)
  13 dire elephants
  15 wendigos
  7 lorocyprocas
  A minotaur (Gauntlet)
  15 white draconians
  8 purple draconians
  3 spectral titans
  Snorg (D:12)
  The ghost of Siddir the Blocker, a journeyman MiBe of Trog (Snake:2)
  8 ettins
  40 blizzard demons
  27 mummy priests
  A crystal guardian (Zot:2)
  7 eidola
  14 green deaths
  31 iron golems
  5 deep elf high priests
  11 jiangshi
  9 merfolk impalers
  A spectral quicksilver dragon (Tar:4)
  14 fire dragons
  A spectral kraken (Tar:7)
  13 yaktaur captains
  4 merfolk javelineers (Shoals:4)
  An entropy weaver (Vaults:1)
  4 spectral spriggans (Tar:1)
  28 vault guards
  Erolcha (Orc:2)
  5 rakshasas
  7 hydras
  2 spriggan zombies
  A spectral iron giant (Tar:1)
  4 great orbs of eyes
  A spectral shadow dragon (Tar:1)
  5 catoblepae
  3 ogre magi
  17 salamander tyrants
  2 hell beasts (Geh:6)
  2 peacekeepers
  7 caustic shrike simulacra
  3 spriggan air magi
  8 ice dragons
  7 stokers
  2 death knights
  4 alligator snapping turtles
  6 boulder beetles
  7 centaur warriors
  An alligator (Shoals:2)
  13 two-headed ogres
  4 ironbound frosthearts
  10 juggernaut simulacra
  A jorogumo (Pan)
  An anaconda (shapeshifter) (Abyss:3)
  9 anacondas
  4 merfolk avatars
  3 radroaches (Vaults:2)
  11 dancing weapons
  35 hell hogs
  44 death scarabs
  7 tengu warriors
  4 deep troll earth magi
  2 merfolk aquamancers (Shoals:4)
  3 deep troll shamans
  An occultist (Abyss:3)
  A vampire mage (Crypt:1)
  2 demonic crawlers (Pan)
  3 spriggan berserkers
  2 orc high priests
  3 satyrs (Shoals:4)
  4 spectral dire elephants
  6 naga warriors
  9 death yaks
  13 thrashing horrors
  9 shock serpents
  A spriggan (Depths:3)
  23 soul eaters
  12 naga sharpshooters
  13 deep elf knights
  Urug (Orc:2)
  11 crystal echidnas
  4 titan skeletons
  12 wretched stars (Abyss:3)
  2 hellephant skeletons (Pan)
  46 sun demons
  6 iron trolls
  5 salamander mystics
  26 skeletal warriors
  Amaemon (D:10)
  A bunyip zombie (Tomb:1)
  36 sixfirhies
  A cherub (Pan)
  6 shadow wraiths
  2 death drakes (Vaults:2)
  A spatial maelstrom (Abyss:3)
  10 skysharks
  6 glowing orange brains
  8 sun moths (Pan)
  4 quicksilver dragon simulacra
  11 sea snakes
  2 goliath frogs (Pan)
  2 bog bodies (Crypt:2)
  4 flayed ghosts
  2 arcanists (Vaults:2)
  12 shadow demons
  19 deep trolls
  A bunyip skeleton (Crypt:1)
  A spark wasp zombie (Depths:1)
  10 mana vipers
  A spectral hydra (Tar:3)
  5 phantasmal warriors
  11 naga ritualists
  17 deep elf archers
  A fenstrider witch simulacrum (Coc:1)
  5 necromancers
  6 ironbound convokers
  A shining eye (Slime:5)
  An iron dragon zombie (Tomb:1)
  16 deep elf zephyrmancers
  A jorogumo zombie (Crypt:2)
  A will-o-the-wisp (Abyss:3)
  28 ugly things
  3 orc sorcerers
  11 harpies
  3 wolf spiders
  15 deep elf pyromancers
  An oklob plant (Abyss:3)
  11 manticores
  A lightning spire (Zot:2)
  10 orc knights
  3 cyclopes
  4 worldbinders (Abyss:3)
  7 fauns
  19 salamanders
  2 stone giant skeletons (Crypt:1)
  A dire elephant zombie (Crypt:1)
  44 black mambas
  A centaur zombie (Tomb:1)
  5 kobold blastminers
  A fire giant skeleton (Depths:1)
  15 moths of wrath
  A toenail golem (Tomb:2)
  5 guardian serpents
  3 spectral centaurs (Tar:1)
  A naga zombie (Tomb:2)
  13 vault sentinels
  A water nymph (shapeshifter) (Depths:2)
  5 ice statues (Pan)
  4 Executioner simulacra (Pan)
  8 water nymphs
  5 merfolk sirens
  6 titan simulacra
  8 elephants
  32 smoke demons
  4 apocalypse crabs
  2 eyes of devastation
  12 cane toads
  A dire elephant skeleton (Crypt:3)
  10 rust devils
  11 spectral swamp worms (Tar:7)
  2 molten gargoyles (Volcano)
  38 large abominations
  15 naga magi
  2 gargoyles
  A centaur skeleton (Crypt:1)
  An unseen horror (D:11)
  2 torpor snails
  37 orange demons
  2 kobold demonologists
  20 hellions
  Maggie (D:8)
  9 efreet
  An alligator snapping turtle skeleton (Crypt:3)
  11 komodo dragons
  A naga skeleton (Tomb:1)
  A bunyip simulacrum (Coc:2)
  23 ice devils
  27 tormentors
  5 rime drakes
  12 yaktaurs
  50 guardian mummies
  12 freezing wraiths
  4 ancient zymes
  4 iron giant simulacra
  3 tengu conjurers
  9 red devils
  27 merfolk
  8 anaconda simulacra
  2 spectral nagas (Tar:2)
  2 golden dragon simulacra
  A queen bee (D:11)
  20 hellwings
  4 spectral harpies
  4 trolls
  A tengu simulacrum (Depths:2)
  A queen bee (shapeshifter) (D:15)
  2 tarantellas (Vaults:2)
  8 wind drakes
  3 glass eyes
  4 polar bears
  A hornet (Depths:3)
  12 blink frogs
  A moth of wrath zombie (Crypt:2)
  A harpy zombie (Tomb:3)
  12 snapping turtles
  13 dream sheep
  3 iron dragon simulacra
  3 raiju (Abyss:3)
  A snapping turtle (shapeshifter) (Vaults:5)
  A fire giant simulacrum (Depths:2)
  3 stone giant simulacra
  A fire dragon zombie (Crypt:1)
  An air elemental (D:10)
  2 centaur simulacra (Crypt:1)
  53 slime creatures
  5 wraiths
  2 shadows
  3 vampires
  A culicivora (shapeshifter) (Vaults:5)
  2 yaks (shapeshifter)
  38 ynoxinuls
  30 ushabtiu
  41 yaks
  3 wyverns
  4 basilisks
  A tyrant leech zombie (Crypt:1)
  17 water elementals
  4 dire elephant simulacra
  28 neqoxecs
  3 fire elementals
  5 fire bats
  14 golden eyes
  A golden eye (shapeshifter) (Vaults:5)
  A redback (Vaults:1)
  A black mamba skeleton (Crypt:1)
  4 steam dragons
  3 wargs
  13 vampire mosquitoes
  3 spriggan simulacra
  16 chaos spawn
  12 small abominations
  Edmund (D:4)
  40 nagas
  14 harpy simulacra
  A two-headed ogre zombie (Crypt:2)
  4 hell hounds
  15 water moccasins
  3 hydra simulacra
  50 orc warriors
  3 black bears
  7 ettin simulacra
  5 ogres
  A black mamba simulacrum (Coc:2)
  3 ice beasts
  30 laughing skulls
  35 wolves
  6 boggarts
  20 centaurs
  A blink frog skeleton (Crypt:2)
  3 phantoms
  A kobold brigand (D:8)
  2 brain worms (Abyss:3)
  An ogre simulacrum (Vaults:2)
  8 bullfrogs
  2 necrophages (Crypt:2)
  A glowing shapeshifter simulacrum (Depths:2)
  A naga simulacrum (Crypt:1)
  3 gnoll sergeants
  2 earth elementals
  27 wights
  A water moccasin zombie (Crypt:1)
  42 killer bees
  A human simulacrum (Vaults:2)
  2 vampire bats (D:5)
  6 howler monkeys
  8 electric eels
  3 spriggan skeletons
  A bombardier beetle (D:4)
  3 quasits
  4 lava snakes (Volcano)
  2 human zombies (Crypt:1)
  A jelly (D:5)
  16 orc priests
  2 hounds
  2 gnoll boudas (D:9)
  46 starcursed masses
  4 iguanas
  Jessica (D:3)
  Terence (D:2)
  19 hell rats
  A human skeleton (Crypt:1)
  32 orc wizards
  A hound zombie (Crypt:2)
  58 mummies
  23 gnolls
  4 adders
  15 river rats (D:5)
  4 shadow imps
  A white imp (D:5)
  8 ufetubi
  A jelly zombie (Crypt:1)
  An adder skeleton (Crypt:2)
  2 dart slugs (D:3)
  A ribbon worm (D:3)
  78 orcs
  5 bats
  2 bat skeletons
  5 bat zombies (D:5)
  9 endoplasms
  4 giant cockroaches
  2 goblins (D:1)
  3 hobgoblins
  2 jackals (D:1)
  13 kobolds
  3 quokkas
  7 ball pythons
  4 frilled lizards
  A frilled lizard skeleton (Crypt:2)
  4 rats
  An aspiring flesh (Pan)
  2 creeping infernos
  13 fire vortices
  2 lurking horrors (Abyss:3)
  9 starspawn tentacles (Abyss:3)
  5 tentacles (Shoals:4)
4057 creatures vanquished.

Vanquished Creatures (collateral kills)
  An ogre (D:7)
  A wight (D:7)
  A vampire bat (D:5)
3 creatures vanquished.

Vanquished Creatures (others)
  A shard shrike (Coc:7)
  An Ice Fiend (Coc:7)
  A titan (Coc:3)
  An eldritch tentacle (Pan)
  2 fire giants
  A frost giant (Coc:3)
  A vault warden (Vaults:2)
  A shard shrike simulacrum (Coc:7)
  A cacodemon (Pan)
  A draconian annihilator (Pan)
  A putrid mouth (Tar:4)
  A blizzard demon (Pan)
  2 green deaths (Pan)
  2 caustic shrike simulacra
  2 juggernaut simulacra
  2 deep elf knights
  A soul eater (Tomb:3)
  A skeletal warrior (Vaults:3)
  3 spriggan simulacra (Coc:7)
  A titan simulacrum (Coc:2)
  A naga mage (Snake:3)
  An efreet (Crypt:1)
  A tormentor (Pan)
  An iron giant simulacrum (Coc:6)
  A tengu simulacrum (Depths:2)
  A hellwing (Pan)
  An alligator simulacrum (Coc:1)
  A centaur simulacrum (Coc:2)
  4 naga simulacra
  A dire elephant simulacrum (Coc:7)
  2 water elementals
  3 ynoxinuls
  A harpy simulacrum (Coc:3)
  A small abomination (Tomb:1)
  An ettin simulacrum (Coc:3)
  A starcursed mass (Abyss:3)
  An orc (D:13)
  6 ball lightnings
  4 creeping infernos
  A fire vortex (Geh:7)
  2 lurking horrors (Abyss:3)
  38 starspawn tentacles
  15 tentacles
116 creatures vanquished.

Grand Total: 4176 creatures vanquished

Notes
Turn   | Place    | Note
-------+----------+-------------------------------------------
     0 | D:1      | DispaterIsMyDaddy the Gargoyle Gladiator began the quest
                  | for the Orb.
     0 | D:1      | Reached XP level 1. HP: 12/12 MP: 1/1
    42 | D:1      | Reached XP level 2. HP: 17/17 MP: 2/2
   603 | D:2      | Noticed Terence
   612 | D:1      | Reached XP level 3. HP: 21/22 MP: 3/3
   636 | D:2      | Killed Terence
   637 | D:2      | Reached skill level 1 in Armour
   637 | D:2      | Reached XP level 4. HP: 16/27 MP: 4/4
   915 | D:2      | Found a faded altar of an unknown god.
  1469 | D:3      | Noticed Jessica
  1478 | D:3      | Killed Jessica
  1479 | D:3      | Reached XP level 5. HP: 30/32 MP: 5/5
  1781 | D:4      | Reached skill level 1 in Shields
  1805 | D:4      | Noticed Edmund
  1825 | D:4      | Killed Edmund
  1826 | D:4      | Reached skill level 5 in Maces & Flails
  1826 | D:4      | Reached XP level 6. HP: 25/37 MP: 6/6
  2091 | D:4      | Found Nerghoblul's General Store.
  2100 | D:4      | Bought a scroll of identify for 26 gold pieces
  2100 | D:4      | Bought a potion of curing for 39 gold pieces
  2119 | D:4      | Reached XP level 7. HP: 41/41 MP: 7/7
  2366 | D:4      | Found a sparkling altar of Nemelex Xobeh.
  2651 | D:4      | Identified the +8 whip of the Wheel {venom, rElec Int+3}
  2739 | D:5      | Entered Level 5 of the Dungeon
  2753 | D:5      | Identified the +5 trident "Duukkatz" {pain, ^Fragile rPois
                  | Int+4}
  3089 | D:5      | Found a white marble altar of Elyvilon.
  3160 | D:5      | Reached XP level 8. HP: 46/48 MP: 8/8
  3310 | D:5      | Found the +2 ratskin cloak {*Rats rPois rN+ Str-1 Int-1
                  | Dex+1}
  3425 | D:5      | Found a shimmering altar of Xom.
  3702 | D:5      | Found an ancient bone altar of Kikubaaqudgha.
  3783 | D:6      | Found a bloodstained altar of Trog.
  3821 | D:6      | Reached skill level 1 in Stealth
  3821 | D:6      | Reached skill level 5 in Shields
  3827 | D:6      | Identified the +2 ring mail "Xeacail" {+Inv}
  3892 | D:6      | Reached XP level 9. HP: 41/52 MP: 9/9
  3947 | D:6      | Reached skill level 5 in Fighting
  4273 | D:6      | You fall into a shaft and drop 2 floors!
  4412 | D:7      | Found a radiant altar of Vehumet.
  4850 | D:7      | Found a staircase to the Ecumenical Temple.
  4859 | Temple   | Entered the Ecumenical Temple
  4871 | Temple   | Became a worshipper of Warmaster Okawaru
  4971 | D:7      | Found a broken altar of Ashenzari.
  5023 | D:7      | Reached XP level 10. HP: 60/60 MP: 10/10
  5492 | D:8      | Noticed Maggie
  5508 | D:8      | Killed Maggie
  5508 | D:8      | Reached * piety under Okawaru
  5891 | D:8      | Reached skill level 5 in Armour
  5899 | D:8      | Reached skill level 10 in Maces & Flails
  5909 | D:8      | Noticed a two-headed ogre
  5929 | D:8      | Killed a two-headed ogre
  5930 | D:8      | Reached ** piety under Okawaru
  6139 | D:8      | Found a shimmering blue altar of Sif Muna.
  6146 | D:8      | Found a sacrificial altar of Ru.
  6629 | D:9      | Noticed a +0 hand axe
  6633 | D:9      | Found a hide-covered altar of Uskayaw.
  6633 | D:9      | Noticed a +0 hand axe
  6639 | D:9      | Noticed a two-headed ogre
  6659 | D:9      | Killed a two-headed ogre
  6738 | D:9      | Reached skill level 10 in Shields
  6945 | D:9      | Noticed a kobold demonologist
  6955 | D:9      | Noticed an orange demon
  6964 | D:9      | Killed a kobold demonologist
  6965 | D:9      | Reached XP level 11. HP: 49/66 MP: 11/11
  7242 | D:9      | Noticed a two-headed ogre
  7253 | D:9      | Killed a two-headed ogre
  7253 | D:9      | Reached *** piety under Okawaru
  7375 | D:10     | Entered Level 10 of the Dungeon
  7396 | D:10     | Found a large runed translucent door.
  7412 | D:10     | Found a large runed translucent door.
  7572 | D:10     | Found a staircase to the Lair.
  7615 | D:10     | Noticed Amaemon
  7637 | D:10     | Killed Amaemon
  7659 | D:10     | Found a glowing silver altar of Zin.
  7659 | D:10     | Found a burning altar of Makhleb.
  7660 | D:10     | Noticed a cacodemon
  7660 | D:10     | Noticed an angel
  7976 | D:10     | Found a portal to a secret trove of treasure.
  8472 | D:10     | Paralysed by an air elemental for 1 turns
  8481 | D:10     | Reached **** piety under Okawaru
  8631 | Lair:1   | Entered Level 1 of the Lair of Beasts
  9089 | Lair:1   | Reached ***** piety under Okawaru
  9090 | Lair:1   | Reached XP level 12. HP: 74/74 MP: 12/12
  9578 | Lair:2   | Reached skill level 1 in Invocations
  9783 | Lair:2   | Noticed a skyshark
  9800 | Lair:2   | Killed a skyshark
  9821 | Lair:2   | Noticed a skyshark
  9850 | Lair:2   | Killed a skyshark
  9922 | Lair:2   | Received a gift from Okawaru
 10026 | Lair:2   | Noticed a boulder beetle
 10056 | Lair:2   | Killed a boulder beetle
 10459 | Lair:2   | Found a staircase to the Shoals.
 10698 | Lair:2   | Found a staircase to the Snake Pit.
 10716 | Lair:2   | Received a gift from Okawaru
 10923 | Lair:3   | Reached skill level 5 in Invocations
 11034 | Lair:3   | Noticed an eight-headed hydra
 11045 | Lair:3   | Killed an eight-headed hydra
 11090 | Lair:3   | Noticed a catoblepas
 11102 | Lair:3   | Killed a catoblepas
 11103 | Lair:3   | Reached XP level 13. HP: 60/80 MP: 15/17
 11231 | Lair:3   | Received a gift from Okawaru
 11303 | Lair:3   | Reached ****** piety under Okawaru
 11304 | Lair:3   | Acquired a +5 eveningstar of draining
 11304 | Lair:3   | Received a gift from Okawaru
 11306 | Lair:3   | Acquired a +1 pair of gloves of strength
 11306 | Lair:3   | Received a gift from Okawaru
 11410 | Lair:3   | Reached skill level 10 in Fighting
 11990 | Lair:4   | Received a gift from Okawaru
 12751 | Lair:5   | Entered Level 5 of the Lair of Beasts
 12751 | Lair:5   | Found a viscous altar of Jiyva.
 12751 | Lair:5   | Found a staircase to the Slime Pits.
 12793 | Lair:5   | Reached skill level 15 in Shields
 12808 | Lair:5   | Received a gift from Okawaru
 12878 | Lair:5   | Gained mutation: Your large and strong wings let you fly.
                  | [Gargoyle growth]
 12878 | Lair:5   | Reached XP level 14. HP: 65/90 MP: 19/19
 12994 | Lair:5   | Found a dark tunnel.
 13000 | Volcano  | Entered a volcano
 13118 | Volcano  | Found a burning altar of Makhleb.
 13207 | Volcano  | Received a gift from Okawaru
 13962 | Lair:5   | Received a gift from Okawaru
 14085 | Lair:5   | Noticed a dire elephant
 14095 | Lair:5   | Killed a dire elephant
 14744 | D:11     | Received a gift from Okawaru
 15426 | D:11     | Found a staircase to the Orcish Mines.
 15635 | Orc:1    | Entered Level 1 of the Orcish Mines
 16020 | Orc:2    | Entered Level 2 of the Orcish Mines
 16133 | Orc:2    | Found a staircase to the Elven Halls.
 16183 | Orc:2    | Noticed Donald
 16203 | Orc:2    | Killed Donald
 16204 | Orc:2    | Reached XP level 15. HP: 96/97 MP: 21/21
 16271 | Orc:2    | Noticed Erolcha
 16302 | Orc:2    | Killed Erolcha
 16452 | Orc:2    | Received a gift from Okawaru
 16545 | Orc:2    | Found Talaqim's Magic Scroll Shoppe.
 16545 | Orc:2    | Found Vosucei's Magic Scroll Shop.
 16554 | Orc:2    | Found Huju's Armour Boutique.
 16556 | Orc:2    | Found Xary's Weapon Emporium.
 16570 | Orc:2    | Reached skill level 15 in Maces & Flails
 16585 | Orc:2    | Noticed Urug
 16614 | Orc:2    | Bought a scroll of identify for 32 gold pieces
 16614 | Orc:2    | Bought a scroll of identify for 32 gold pieces
 16614 | Orc:2    | Bought a scroll of identify for 32 gold pieces
 16614 | Orc:2    | Bought a scroll of identify for 32 gold pieces
 16614 | Orc:2    | Bought 3 scrolls of blinking for 360 gold pieces
 16630 | Orc:2    | Killed Urug
 16637 | Orc:2    | Bought a scroll of identify for 32 gold pieces
 16637 | Orc:2    | Bought a scroll of teleportation for 48 gold pieces
 16637 | Orc:2    | Bought a scroll of teleportation for 48 gold pieces
 16638 | Orc:2    | Bought a scroll of fog for 60 gold pieces
 16638 | Orc:2    | Bought a scroll of fog for 60 gold pieces
 16640 | Orc:2    | Bought a +1 pair of boots for 149 gold pieces
 16652 | Orc:2    | Bought 2 scrolls of enchant armour for 225 gold pieces
 16653 | Orc:2    | Bought a scroll of blinking for 120 gold pieces
 17164 | Orc:1    | Received a gift from Okawaru
 17601 | D:10     | You paid a toll of 4 scrolls of fog to enter a treasure
                  | trove
 17602 | Trove    | Entered a treasure trove
 17604 | Trove    | Found a bloodstained altar of Trog.
 17620 | Trove    | Identified the +5 demon whip of the Living Dead {pain,
                  | Int+8}
 17627 | Trove    | Identified the +8 morningstar of Mili {antimagic, rCorr}
 17629 | Trove    | Identified the +1 rapier "Cios" {freeze, *Noise rPois rCorr
                  | Str+4}
 17654 | Trove    | Identified the +0 bardiche of True Grit {drain, rF+ rN++
                  | Dex+6}
 18165 | D:12     | Noticed Snorg
 18178 | D:12     | Killed Snorg
 18516 | D:12     | Found a broken altar of Ashenzari.
 18866 | D:13     | Received a gift from Okawaru
 19046 | D:13     | Identified the +3 ring mail of the Gate {rN+ rCorr Int+3}
 19098 | D:13     | Found a gate to the Vaults.
 20065 | D:14     | Received a gift from Okawaru
 20402 | D:15     | Entered Level 15 of the Dungeon
 20431 | D:15     | Found a gate leading to a gauntlet.
 20437 | Gauntlet | Entered a Gauntlet
 20437 | Gauntlet | Found a transporter.
 20437 | Gauntlet | Found a transporter.
 20442 | Gauntlet | Found a transporter.
 20457 | Gauntlet | Found a transporter.
 20473 | Gauntlet | Found a transporter.
 20485 | Gauntlet | Found a transporter.
 20501 | Gauntlet | Found a transporter.
 20573 | Gauntlet | Found a transporter.
 20582 | Gauntlet | Found a transporter.
 20596 | Gauntlet | Found a transporter.
 20609 | Gauntlet | Found a transporter.
 20625 | Gauntlet | Found a transporter.
 20692 | Gauntlet | Found a transporter.
 20702 | Gauntlet | Found a transporter.
 20745 | Gauntlet | Found a transporter.
 20771 | Gauntlet | Found a transporter.
 20853 | Gauntlet | Identified the +1 cloak of the Sheltering Gods {rC+}
 20855 | Gauntlet | Identified a scroll of acquirement
 20946 | Gauntlet | Reached XP level 16. HP: 107/107 MP: 22/22
 20962 | Gauntlet | Identified the ring of Nilirph {rC+ EV+5 Dex+5}
 20963 | Gauntlet | Identified the ring of Mocvoe {+Blink rElec Int-5 Dex+6}
 21024 | Gauntlet | Identified the +6 war axe "Zemmyr" {heavy, Fly rN+ Will-}
 21052 | Gauntlet | Identified the +2 leather armour of Rationality {Int+2}
 21059 | Gauntlet | Identified the +0 ring mail of Action {rC+ Will++ Dex-5}
 21066 | Gauntlet | Acquired the +7 plate armour of Tulips {rC+ Regen+}
 21202 | D:15     | Paralysed by an ogre mage for 4 turns
 21235 | D:14     | Received a gift from Okawaru
 21624 | D:15     | Found Ynif's Magic Scroll Shop.
 21630 | D:15     | Bought a scroll of enchant weapon for 142 gold pieces
 21631 | D:15     | Bought a scroll of blinking for 142 gold pieces
 21793 | D:15     | Reached skill level 15 in Fighting
 21899 | D:15     | Received a gift from Okawaru
 21936 | D:15     | Found a staircase to the Depths.
 22463 | Shoals:1 | Entered Level 1 of the Shoals
 22663 | Shoals:1 | Identified the ring of Doubts {MP+9 EV+5 Dex+4 Stlth+}
 23246 | Shoals:2 | Noticed Frances
 23275 | Shoals:2 | Killed Frances
 23447 | Shoals:2 | Received a gift from Okawaru
 23560 | Shoals:2 | Noticed Roxanne
 23580 | Shoals:2 | Killed Roxanne
 23591 | Shoals:2 | Found a runed translucent door.
 23593 | Shoals:2 | Noticed Bityczex's ghost (adept DEFE)
 23605 | Shoals:2 | Killed Bityczex's ghost
 23767 | Shoals:2 | Received a gift from Okawaru
 24183 | Shoals:3 | Noticed Polyphemus
 24220 | Shoals:3 | Killed Polyphemus
 24221 | Shoals:3 | Reached XP level 17. HP: 116/116 MP: 23/23
 24848 | Shoals:4 | Entered Level 4 of the Shoals
 24849 | Shoals:4 | Noticed Mara
 24874 | Shoals:3 | Killed Mara
 24874 | Shoals:3 | Received a gift from Okawaru
 24949 | Shoals:4 | Noticed Ilsuiw
 24958 | Shoals:4 | Reached skill level 10 in Armour
 24984 | Shoals:4 | Killed Ilsuiw
 25272 | Shoals:4 | Identified the +8 trident of Infinite Pain {drain, Int-5
                  | Dex+4}
 25471 | Shoals:4 | Noticed a kraken
 25493 | Shoals:4 | Killed a kraken
 25851 | Shoals:4 | Noticed a kraken
 26074 | Shoals:4 | Received a gift from Okawaru
 26124 | Shoals:4 | Killed a kraken
 26290 | Shoals:4 | Got a barnacled rune of Zot
 26433 | Snake:1  | Entered Level 1 of the Snake Pit
 26761 | Snake:1  | Received a gift from Okawaru
 26779 | Snake:1  | Reached XP level 18. HP: 126/126 MP: 24/24
 27168 | Snake:2  | Noticed Siddir's ghost (journeyman MiBe)
 27173 | Snake:2  | Found a transporter.
 27176 | Snake:2  | Found a transporter.
 27230 | Snake:2  | Killed Siddir's ghost
 27278 | Snake:2  | Identified the +8 morningstar "Delu Uschearo" {flame,
                  | Str+3}
 27386 | Snake:2  | Received a gift from Okawaru
 27563 | Snake:4  | Entered Level 4 of the Snake Pit
 27600 | Snake:4  | Identified the serpent talisman "Rediotam" {Will- rCorr
                  | Int+2 SInv}
 27600 | Snake:4  | Noticed Aizul
 27613 | Snake:4  | Killed Aizul
 27726 | Snake:4  | Received a gift from Okawaru
 27746 | Snake:4  | Noticed a quicksilver dragon
 27767 | Snake:4  | Killed a quicksilver dragon
 27804 | Snake:4  | Got a jade gem with 1282 turns to spare
 28037 | Snake:3  | Received a gift from Okawaru
 28072 | Snake:3  | Identified the +1 chain mail of Weirdness {*Slow Will+
                  | rCorr}
 28219 | Snake:3  | Identified the +7 war axe of Doubt {vamp, Dex+3}
 28233 | Snake:3  | Reached XP level 19. HP: 135/135 MP: 25/25
 28828 | Snake:2  | Found Ohoutany's Book Emporium.
 28830 | Snake:2  | Found Ymiqor's Jewellery Boutique.
 28832 | Snake:2  | Found Nizeig's Book Emporium.
 28846 | Snake:2  | Bought a manual of Shields for 1360 gold pieces
 29048 | Snake:2  | Found Heeq's Antique Armour Shoppe.
 29130 | Snake:2  | Found a snail-covered altar of Cheibriados.
 29196 | Snake:2  | Lost the jade gem through the power of Zot.
 29916 | Elf:1    | Entered Level 1 of the Elven Halls
 29925 | Elf:1    | Received a gift from Okawaru
 30144 | Elf:2    | Found Zutux's Assorted Antiques.
 30152 | Elf:2    | Bought a scroll labelled RARIME COOMEA for 31 gold pieces
 30218 | Elf:3    | Entered Level 3 of the Elven Halls
 30445 | Elf:3    | Identified the +1 demon trident "Waexodabb" {freeze, rF-
                  | Int+5 SInv}
 30468 | Abyss:2  | Found a corrupted altar of Lugonu.
 30468 | Abyss:2  | Cast into level 2 of the Abyss (a deep elf sorcerer)
 30584 | Abyss:3  | Found a corrupted altar of Lugonu.
 30607 | Abyss:3  | Found a corrupted altar of Lugonu.
 30610 | Abyss:3  | Found a corrupted altar of Lugonu.
 30610 | Abyss:3  | Found a corrupted altar of Lugonu.
 30670 | Abyss:3  | Noticed a bone dragon
 30695 | Abyss:3  | Killed a bone dragon
 30850 | Abyss:3  | Noticed a profane servitor
 30880 | Abyss:3  | Killed a profane servitor
 30889 | Abyss:3  | Noticed a hellephant
 30901 | Abyss:3  | Noticed a bone dragon
 30917 | Abyss:3  | Received a gift from Okawaru
 30939 | Abyss:3  | Killed a bone dragon
 31020 | Abyss:3  | Noticed a profane servitor
 31039 | Abyss:3  | Killed a profane servitor
 31274 | Abyss:3  | Found a corrupted altar of Lugonu.
 31479 | Abyss:3  | Received a gift from Okawaru
 31512 | Abyss:3  | Paralysed by accursed screaming for 1 turns
 31563 | Abyss:3  | Reached XP level 20. HP: 70/144 MP: 26/26
 31663 | Abyss:3  | Received a gift from Okawaru
 31692 | Abyss:3  | Paralysed by accursed screaming for 2 turns
 31822 | Abyss:3  | Noticed a profane servitor
 31826 | Elf:3    | Escaped the Abyss
 32029 | Elf:3    | Reached skill level 1 in Evocations
 32034 | Elf:3    | Found the +8 longbow "Zephyr" {speed, Dex+3 SInv}
 32133 | Elf:3    | Got a shimmering gem with 1081 turns to spare
 32208 | Elf:3    | Got Doneiniq's Catalogue of Injury
 32222 | Elf:3    | Identified the +4 war axe of Reinforcement {heavy, Str+3
                  | Int+3}
 32231 | Elf:3    | Identified the +6 rapier of Doom {speed, +Blink rElec
                  | rCorr}
 32283 | Elf:3    | Found a runed translucent gate.
 32283 | Elf:3    | Found a runed translucent gate.
 32283 | Elf:3    | Found a runed translucent gate.
 32284 | Elf:3    | Noticed DispaterIsMyDaddy's ghost (adept GrGl)
 32370 | Elf:3    | Killed DispaterIsMyDaddy's ghost
 32372 | Elf:3    | Identified the ring of Darkness {+Blink rPois Int+3 SInv}
 32489 | Elf:3    | Identified the +0 pair of boots of Toam {rF+ rC+ Dex+3}
 32598 | Elf:2    | Received a gift from Okawaru
 32795 | Vaults:1 | Entered Level 1 of the Vaults
 32881 | Vaults:1 | Found Vyheluor's Assorted Antiques.
 32897 | Vaults:1 | Bought a potion of mutation for 320 gold pieces
 32923 | Vaults:1 | Found Oplosoz's Jewellery Emporium.
 33162 | Vaults:2 | Reached XP level 21. HP: 152/152 MP: 27/27
 33206 | Vaults:2 | Received a gift from Okawaru
 33359 | Vaults:2 | Got the Directory of Tinctures
 33883 | Vaults:3 | Received a gift from Okawaru
 34196 | Vaults:3 | Reached skill level 5 in Evocations
 34304 | Vaults:3 | Found a staircase to the Crypt.
 34305 | Vaults:3 | Noticed Nikola
 34328 | Vaults:3 | Killed Nikola
 34485 | Vaults:5 | Entered Level 5 of the Vaults
 34517 | Vaults:5 | Received a gift from Okawaru
 34655 | Vaults:5 | Reached XP level 22. HP: 143/161 MP: 28/28
 34730 | Vaults:5 | Identified the ring of Cowardice {Wiz rElec rPois rF+}
 34845 | Vaults:5 | Got a shining gem with 2241 turns to spare
 34846 | Vaults:5 | Identified the +9 plate armour of the Nine Knives {rF+}
 34848 | Vaults:5 | Got a silver rune of Zot
 34892 | Vaults:5 | Identified the +1 chain mail "Reotewnuts" {-Cast rF+ rC+
                  | Stlth+}
 34970 | Vaults:5 | Found the +5 scythe "Finisher" {speed, execute}
 34978 | Vaults:5 | Noticed a golden dragon
 34996 | Vaults:5 | Killed a golden dragon
 35284 | Abyss:3  | Cast into level 3 of the Abyss (a deep elf demonologist)
 35288 | Abyss:3  | Found a corrupted altar of Lugonu.
 35493 | Abyss:3  | Paralysed by accursed screaming for 2 turns
 35541 | Abyss:3  | Got an abyssal rune of Zot
 35678 | Abyss:4  | Found a corrupted altar of Lugonu.
 35721 | Vaults:5 | Escaped the Abyss
 35721 | Vaults:5 | Noticed an ancient lich
 35747 | Vaults:5 | Killed an ancient lich
 35806 | Vaults:5 | Noticed a dread lich
 35823 | Vaults:5 | Paralysed by something for 2 turns
 35841 | Vaults:5 | Killed a dread lich
 35923 | Vaults:5 | Got Roivorch's Grimoire of Baleful Exhalation
 35926 | Vaults:5 | Identified the storm talisman of Watchfulness {rCorr}
 35938 | Vaults:5 | Identified the +0 scale mail of Classification {rN+ Will+
                  | rCorr Int+3}
 35944 | Vaults:5 | Got Quuxzyveorch's Exposition on the Snowflakes and the
                  | Fairies
 35949 | Vaults:5 | Identified the +6 scale mail of the Lich-sworn {Regen+}
 35954 | Vaults:5 | Identified the +8 halberd of Sharkskin {distort, rElec
                  | rF++}
 36062 | Vaults:5 | Found Doddirenk's Assorted Antiques.
 36070 | Vaults:5 | Bought a potion of heal wounds for 225 gold pieces
 36070 | Vaults:5 | Bought a potion of heal wounds for 225 gold pieces
 36446 | Vaults:1 | Found Doram's Weapon Shoppe.
 36469 | Vaults:1 | Found Jiahiji's Magic Scroll Shop.
 36704 | Slime:1  | Entered Level 1 of the Pits of Slime
 36715 | Slime:1  | Reached XP level 23. HP: 172/172 MP: 29/29
 36949 | Slime:5  | Entered Level 5 of the Pits of Slime
 36961 | Slime:5  | Found a viscous altar of Jiyva.
 37048 | Slime:5  | Noticed the Royal Jelly
 37075 | Slime:5  | Killed the Royal Jelly
 37224 | Slime:5  | Identified the +7 plate armour of Weightlessness {Harm Fly
                  | rC- Regen+ Dex+3}
 37229 | Slime:5  | Identified the +4 mace of Vah Xaip {freeze, rC+ Int+9
                  | Stlth-}
 37245 | Slime:5  | Identified the +7 mace "Dragon's Tongue" {vamp, Int+5
                  | Dex+3}
 37246 | Slime:5  | Got a starry gem with 263 turns to spare
 37248 | Slime:5  | Got a slimy rune of Zot
 37271 | Slime:5  | Identified the ring of Qazlal, Fortifying {rElec rF+}
 37644 | Snake:4  | Got a serpentine rune of Zot
 37949 | Depths:1 | Entered Level 1 of the Depths
 38029 | Depths:1 | Found a stormy altar of Qazlal.
 38065 | Depths:2 | Noticed Norris
 38066 | Depths:2 | Noticed a caustic shrike
 38067 | Depths:2 | Noticed a caustic shrike
 38086 | Depths:2 | Killed a caustic shrike
 38087 | Depths:2 | Reached skill level 27 in Fighting
 38093 | Depths:2 | Killed a caustic shrike
 38104 | Depths:2 | Killed Norris
 38386 | Depths:2 | Received a gift from Okawaru
 38438 | Depths:2 | Reached skill level 15 in Armour
 38447 | Depths:2 | Identified the ring "Hobloj" {Ice Int+3}
 38447 | Depths:2 | Noticed Josephina
 38477 | Depths:2 | Killed Josephina
 38621 | Depths:3 | Found Ledeick's Mail-Order Catalogue.
 38638 | Depths:3 | Noticed a golden dragon
 38646 | Depths:3 | Killed a golden dragon
 38647 | Depths:3 | Noticed a caustic shrike
 38664 | Depths:3 | Killed a caustic shrike
 38686 | Depths:3 | Noticed Mennas
 38748 | Depths:3 | Killed Mennas
 38760 | Depths:3 | Noticed a caustic shrike
 38774 | Depths:3 | Killed a caustic shrike
 38775 | Depths:3 | Noticed a caustic shrike
 38782 | Depths:3 | Killed a caustic shrike
 38887 | Depths:3 | Reached XP level 24. HP: 168/181 MP: 29/29
 38933 | Depths:3 | Found a gateway to Hell.
 38954 | Depths:3 | Found Voitys's Distillery.
 38956 | Depths:3 | Found Acay's Armour Emporium.
 38959 | Depths:3 | Found Ohakhy's Assorted Antiques.
 38970 | Depths:3 | Bought a potion of resistance for 400 gold pieces
 39129 | Depths:3 | Noticed Jory
 39154 | Depths:3 | Killed Jory
 39181 | Depths:4 | Entered Level 4 of the Depths
 39310 | Depths:4 | Received a gift from Okawaru
 39390 | Depths:4 | Noticed a caustic shrike
 39390 | Depths:4 | Noticed a caustic shrike
 39391 | Depths:4 | Noticed a caustic shrike
 39392 | Depths:4 | Noticed a caustic shrike
 39405 | Depths:4 | Killed a caustic shrike
 39420 | Depths:4 | Killed a caustic shrike
 39436 | Depths:4 | Killed a caustic shrike
 39446 | Depths:4 | Killed a caustic shrike
 39610 | Depths:4 | Received a gift from Okawaru
 39636 | Depths:4 | Identified the +0 plate armour "Coefafen" {Regen+ Str+2}
 39653 | Depths:4 | Noticed a juggernaut
 39692 | Depths:4 | Found a one-way gate leading to the halls of Pandemonium.
 39958 | Temple   | Fell from the grace of Okawaru
 39958 | Temple   | Became a worshipper of the Shining One
 40228 | Hell     | Entered the Vestibule of Hell
 40228 | Hell     | Noticed Geryon
 40233 | Hell     | Reached * piety under the Shining One
 40301 | Hell     | Reached ** piety under the Shining One
 40312 | Hell     | Killed Geryon
 40372 | Hell     | Found a gateway to the ashen valley of Gehenna.
 40389 | Hell     | Reached *** piety under the Shining One
 40576 | Hell     | Reached **** piety under the Shining One
 40695 | Hell     | Found a gateway to the Iron City of Dis.
 40735 | Hell     | Found a gateway to the freezing wastes of Cocytus.
 40824 | Hell     | Found a gateway to the decaying netherworld of Tartarus.
 41035 | Tar:1    | Entered Level 1 of Tartarus
 41082 | Tar:1    | Reached ***** piety under the Shining One
 41139 | Tar:1    | Reached XP level 25. HP: 134/187 MP: 30/30
 41143 | Tar:1    | Reached skill level 10 in Invocations
 41706 | Tar:4    | Reached ****** piety under the Shining One
 41711 | Tar:4    | Identified a +9 sacred scourge of holy wrath (a +9 demon
                  | whip of venom blessed by the Shining One)
 41711 | Tar:4    | Received a gift from the Shining One
 41985 | Tar:5    | Noticed a dread lich
 41993 | Tar:5    | Paralysed by a dread lich for 3 turns
 42000 | Tar:5    | Killed a dread lich
 42003 | Tar:5    | Reached skill level 15 in Invocations
 42209 | Tar:5    | You are sucked into a shaft and drop 1 floor!
 42595 | Tar:7    | Entered Level 7 of Tartarus
 42954 | Tar:7    | Reached XP level 26. HP: 133/193 MP: 35/35
 43662 | Tar:7    | Identified the ring of Datsama {rCorr Dex+3}
 43664 | Tar:7    | Identified the ring of Kecsorghe {rC+ Str+3 Int-2 Dex+6
                  | SInv}
 44534 | Tar:7    | Noticed Ereshkigal
 44669 | Tar:7    | Paralysed by Ereshkigal for 3 turns
 44688 | Tar:7    | Killed Ereshkigal
 44702 | Tar:7    | Got a bone rune of Zot
 44704 | Tar:7    | Got Sif Muna's Handbook of the Charged Boggart
 44883 | Coc:1    | Entered Level 1 of Cocytus
 45025 | Coc:1    | You are sucked into a shaft and drop 1 floor!
 45135 | Coc:3    | Noticed a dread lich
 45150 | Coc:3    | Gained mutation: You have hidden genetic defects. [a
                  | cacodemon]
 45155 | Coc:3    | Killed a dread lich
 45156 | Coc:3    | Reached XP level 27. HP: 96/199 MP: 35/35
 45562 | Coc:5    | Gained mutation: You are dopey. (Int -2) [hidden defects]
 45676 | Coc:5    | Reached skill level 27 in Maces & Flails
 45825 | Coc:6    | Paralysed by a wendigo for 1 turns
 45893 | Coc:6    | Gained mutation: Armour fits poorly on your strangely
                  | shaped body. [hidden defects]
 45893 | Coc:6    | Lost mutation: You have hidden genetic defects. [hidden
                  | defects expressed]
 45975 | Coc:7    | Entered Level 7 of Cocytus
 45976 | Coc:7    | Paralysed by a wendigo for 1 turns
 45981 | Coc:7    | Paralysed by a wendigo for 1 turns
 45986 | Coc:7    | Paralysed by a wendigo for 1 turns
 46408 | Coc:7    | Identified the +3 scale mail of Patterns {rElec Str+10
                  | Stlth-}
 46472 | Coc:7    | Noticed Antaeus
 46604 | Coc:7    | Identified the ring "Synual" {Fly rCorr}
 46620 | Coc:7    | Killed Antaeus
 46635 | Coc:7    | Got an icy rune of Zot
 46644 | Coc:7    | Identified the orb of Jufruwn {*channel, Str+3}
 46649 | Coc:7    | Identified the staff of Abru {rElec rC+ Fire Air}
 46814 | Hell     | Lost mutation: You are dopey. (Int -2) [potion of mutation]
 46814 | Hell     | Lost mutation: Armour fits poorly on your strangely shaped
                  | body. [potion of mutation]
 46814 | Hell     | Gained mutation: You occasionally shout uncontrollably at
                  | your foes. [potion of mutation]
 46867 | Geh:1    | Entered Level 1 of Gehenna
 47255 | Geh:2    | You are sucked into a shaft and drop 2 floors!
 47575 | Geh:5    | Noticed a dread lich
 47602 | Geh:5    | Reached skill level 5 in Dodging
 47728 | Geh:5    | Killed a dread lich
 47737 | Geh:5    | Was forgiven by Okawaru
 47862 | Geh:6    | Noticed a dread lich
 47868 | Geh:6    | Killed a dread lich
 48041 | Geh:6    | Reached skill level 10 in Dodging
 48058 | Geh:7    | Entered Level 7 of Gehenna
 48423 | Geh:7    | Identified the ring "Takhleut" {^Contam Fly rPois rN++
                  | Str+2}
 48470 | Geh:7    | Found the +13 sceptre of Asmodeus
 48470 | Geh:7    | Noticed Asmodeus
 48495 | Geh:7    | Killed Asmodeus
 48500 | Geh:7    | Got an obsidian rune of Zot
 48699 | Pan      | Entered Pandemonium
 48893 | Pan      | Noticed Nafud the pandemonium lord
 48916 | Pan      | Killed Nafud the pandemonium lord
 49532 | Pan      | Noticed Ynnugac the pandemonium lord
 49543 | Pan      | Killed Ynnugac the pandemonium lord
 49547 | Pan      | Reached skill level 15 in Dodging
 49551 | Pan      | Got a demonic rune of Zot
 49736 | Pan      | Noticed Zyhil the pandemonium lord
 49743 | Pan      | Killed Zyhil the pandemonium lord
 49911 | Pan      | Entered the realm of Cerebov.
 49929 | Pan      | Found the +6 sword of Cerebov {flame}
 49929 | Pan      | Noticed Cerebov
 49958 | Pan      | Killed Cerebov
 50038 | Pan      | Got a fiery rune of Zot
 50187 | Pan      | Identified the +9 plate armour "Anolaeqa" {Int+4}
 50316 | Pan      | Identified the amulet "Xixzafou" {Faith rCorr Str+5}
 50324 | Pan      | Identified the staff of a wizard's laboratory {rN+ rCorr
                  | Necro}
 50555 | Pan      | Noticed Ahoer Amae the pandemonium lord
 50558 | Pan      | Killed Ahoer Amae the pandemonium lord
 50671 | Pan      | Noticed Reytram the pandemonium lord
 50686 | Pan      | Killed Reytram the pandemonium lord
 50737 | Pan      | Entered the realm of Gloorx Vloq.
 51166 | Pan      | Noticed Gloorx Vloq
 51176 | Pan      | Killed Gloorx Vloq
 51201 | Pan      | Got a dark rune of Zot
 51354 | Pan      | Found a transporter.
 51409 | Pan      | Gained mutation: You are dopey. (Int -2) [a cacodemon]
 51425 | Pan      | Gained mutation: You frequently scream uncontrollably at
                  | your foes. [a cacodemon]
 51443 | Pan      | Found a transporter.
 51456 | Pan      | Identified the ring "Senef" {Fly rPois rCorr Int+2 Stlth+}
 51473 | Pan      | Identified the ring of Yvymun {Will+ Str+3}
 51578 | Depths:4 | Escaped Pandemonium
 51580 | Pan      | Entered the realm of Mnoleg.
 51580 | Pan      | Entered Pandemonium
 51660 | Pan      | Gained mutation: Your body sometimes deteriorates upon
                  | taking damage. [a cacodemon]
 51662 | Pan      | Gained mutation: Your magical capacity is low. (-10% MP) [a
                  | cacodemon]
 51734 | Pan      | Found an exit through the horrors of the Abyss.
 51836 | Pan      | Noticed Mnoleg
 51855 | Pan      | Killed Mnoleg
 51861 | Pan      | Gained mutation: You are clumsy. (Dex -2) [a cacodemon]
 51868 | Pan      | Gained mutation: Your magical capacity is very low. (-20%
                  | MP) [a neqoxec]
 51869 | Pan      | Gained mutation: Your health recovers twice as slowly from
                  | being drained. [a neqoxec]
 51887 | Pan      | Lost mutation: You are clumsy. (Dex -2) [potion of
                  | mutation]
 51887 | Pan      | Lost mutation: Your health recovers twice as slowly from
                  | being drained. [potion of mutation]
 51887 | Pan      | Lost mutation: Your magical capacity is very low. (-20% MP)
                  | [potion of mutation]
 51887 | Pan      | Gained mutation: Your flesh is cold resistant. (rC+)
                  | [potion of mutation]
 51888 | Pan      | Lost mutation: Your magical capacity is low. (-10% MP)
                  | [potion of mutation]
 51888 | Pan      | Lost mutation: Your flesh is cold resistant. (rC+) [potion
                  | of mutation]
 51888 | Pan      | Lost mutation: You are dopey. (Int -2) [potion of mutation]
 51888 | Pan      | Gained mutation: Your skin changes colour to match your
                  | surroundings (Stealth+). [potion of mutation]
 51935 | Pan      | Identified the +8 battleaxe "Cuskan" {freeze, Int+9 Dex-4
                  | Stlth+}
 52009 | Pan      | Got a glowing rune of Zot
 52091 | Pan      | Entered the realm of Lom Lobon.
 52232 | Pan      | Paralysed by a fenstrider witch for 2 turns
 52286 | Pan      | Noticed Lom Lobon
 52307 | Pan      | Killed Lom Lobon
 52327 | Pan      | Got a magical rune of Zot
 52762 | Pan      | Noticed Beckar the pandemonium lord
 52765 | Pan      | Killed Beckar the pandemonium lord
 53022 | Pan      | Reached skill level 27 in Invocations
 53024 | Pan      | Noticed Jixytopsudgh the pandemonium lord
 53036 | Pan      | Killed Jixytopsudgh the pandemonium lord
 53246 | Pan      | Identified the +1 buckler of the Endless Expanse {rCorr}
 53294 | Pan      | Noticed Lypp the pandemonium lord
 53302 | Pan      | Killed Lypp the pandemonium lord
 53338 | Pan      | Identified the +9 long sword of Micryegh {elec, rElec rPois
                  | Str+6}
 53515 | Pan      | Found an exit through the horrors of the Abyss.
 53527 | Pan      | Took an exit into the Abyss.
 53527 | Abyss:4  | Escaped into the Abyss
 53532 | Abyss:4  | Found a corrupted altar of Lugonu.
 53539 | Abyss:4  | Found a corrupted altar of Lugonu.
 53708 | Depths:4 | Escaped the Abyss
 53763 | Dis:1    | Entered Level 1 of the Iron City of Dis
 53775 | Dis:1    | You are sucked into a shaft and drop 1 floor!
 54323 | Dis:7    | Entered Level 7 of the Iron City of Dis
 54757 | Dis:7    | Reached skill level 27 in Shields
 55708 | Dis:7    | Identified the +0 leather armour of Eternal Night {Int+7
                  | Slay-5}
 55948 | Dis:7    | Noticed Dispater
 55975 | Dis:7    | Killed Dispater
 55987 | Dis:7    | Got an iron rune of Zot
 56308 | Depths:4 | Found a gate to the Realm of Zot.
 56313 | Depths:4 | Got a midnight gem with 1478 turns to spare
 56315 | Zot:1    | Entered Level 1 of the Realm of Zot
 56580 | Zot:2    | Found the +4 dragonskin cloak
 56580 | Zot:2    | Noticed Tiamat
 56623 | Zot:2    | Killed Tiamat
 56699 | Zot:2    | Noticed a dread lich
 56708 | Zot:2    | Paralysed by a dread lich for 5 turns
 56715 | Zot:2    | Killed a dread lich
 56808 | Zot:2    | Identified the +8 mace "Nuiq" {heavy, Will+}
 56908 | Zot:2    | Found a runed translucent door.
 56908 | Zot:2    | Noticed Toelubet's ghost (veteran CeHu)
 57043 | Zot:2    | Killed Toelubet's ghost
 57178 | Zot:3    | Noticed an orb of fire
 57423 | Zot:3    | Gained mutation: You are clumsy. (Dex -2) [an orb of fire]
 57433 | Zot:3    | Killed an orb of fire
 57584 | Zot:4    | Reached skill level 27 in Armour
 57600 | Zot:4    | Noticed an orb of fire
 57610 | Zot:4    | Gained mutation: You are dopey. (Int -2) [an orb of fire]
 57613 | Zot:4    | Gained mutation: You are very dopey. (Int -4) [an orb of
                  | fire]
 57620 | Zot:4    | Gained mutation: Your magical capacity is low. (-10% MP)
                  | [an orb of fire]
 57623 | Zot:4    | Killed an orb of fire
 57768 | Zot:5    | Entered Level 5 of the Realm of Zot
 57795 | Zot:5    | Identified the +3 robe of the Blind Marksman {rC+}
 57908 | Zot:5    | Noticed a dread lich
 57916 | Zot:5    | Killed a dread lich
 58071 | Zot:5    | Noticed an orb of fire
 58084 | Zot:5    | Gained mutation: You have a somewhat thin skeletal
                  | structure. (Dex +2, Stealth+) [an orb of fire]
 58086 | Zot:5    | Killed an orb of fire
 58087 | Zot:5    | Noticed an orb of fire
 58098 | Zot:5    | Gained mutation: Your body often deteriorates upon taking
                  | damage. [an orb of fire]
 58100 | Zot:5    | Killed an orb of fire
 58285 | Zot:5    | Noticed an orb of fire
 58288 | Zot:5    | Noticed an ancient lich
 58300 | Zot:5    | Killed an ancient lich
 58318 | Zot:5    | Gained mutation: Armour fits poorly on your strangely
                  | shaped body. [an orb of fire]
 58322 | Zot:5    | Killed an orb of fire
 58424 | Zot:5    | Lost mutation: Your skin changes colour to match your
                  | surroundings (Stealth+). [potion of mutation]
 58424 | Zot:5    | Lost mutation: You are clumsy. (Dex -2) [potion of
                  | mutation]
 58424 | Zot:5    | Lost mutation: You frequently scream uncontrollably at your
                  | foes. [potion of mutation]
 58424 | Zot:5    | Gained mutation: You are weak. (Str -2) [potion of
                  | mutation]
 58424 | Zot:5    | Gained mutation: You are frail. (-10% HP) [potion of
                  | mutation]
 58425 | Zot:5    | Lost mutation: You occasionally shout uncontrollably at
                  | your foes. [potion of mutation]
 58425 | Zot:5    | Lost mutation: You are very dopey. (Int -4) [potion of
                  | mutation]
 58425 | Zot:5    | Lost mutation: You are weak. (Str -2) [potion of mutation]
 58425 | Zot:5    | Gained mutation: You are very frail. (-20% HP) [potion of
                  | mutation]
 58425 | Zot:5    | Gained mutation: You occasionally lose the ability to drink
                  | potions when taking damage. [potion of mutation]
 58425 | Zot:5    | Gained mutation: You possess an exceptional clarity of
                  | mind. [potion of mutation]
 58426 | Zot:5    | Lost mutation: You are dopey. (Int -2) [potion of mutation]
 58426 | Zot:5    | Lost mutation: Your magical capacity is low. (-10% MP)
                  | [potion of mutation]
 58426 | Zot:5    | Lost mutation: You have a somewhat thin skeletal structure.
                  | (Dex +2, Stealth+) [potion of mutation]
 58426 | Zot:5    | Gained mutation: You passively dampen the noise of your
                  | surroundings. [potion of mutation]
 58426 | Zot:5    | Gained mutation: You are partially covered in iridescent
                  | scales. (AC +2) [potion of mutation]
 58427 | Zot:5    | Lost mutation: You are partially covered in iridescent
                  | scales. (AC +2) [potion of mutation]
 58427 | Zot:5    | Lost mutation: You are very frail. (-20% HP) [potion of
                  | mutation]
 58427 | Zot:5    | Gained mutation: Your spells are a little harder to cast,
                  | but a little more powerful. [potion of mutation]
 58427 | Zot:5    | Lost mutation: Armour fits poorly on your strangely shaped
                  | body. [potion of mutation]
 58428 | Zot:5    | Lost mutation: Your spells are a little harder to cast, but
                  | a little more powerful. [potion of mutation]
 58428 | Zot:5    | Lost mutation: You are frail. (-10% HP) [potion of
                  | mutation]
 58428 | Zot:5    | Gained mutation: Your magical capacity is low. (-10% MP)
                  | [potion of mutation]
 58428 | Zot:5    | Gained mutation: Your spells are a little easier to cast,
                  | but a little less powerful. [potion of mutation]
 58429 | Zot:5    | Lost mutation: Your spells are a little easier to cast, but
                  | a little less powerful. [potion of mutation]
 58429 | Zot:5    | Lost mutation: You possess an exceptional clarity of mind.
                  | [potion of mutation]
 58429 | Zot:5    | Gained mutation: You have hidden genetic potential. [potion
                  | of mutation]
 58429 | Zot:5    | Lost mutation: You passively dampen the noise of your
                  | surroundings. [potion of mutation]
 58429 | Zot:5    | Gained mutation: Your magical capacity is very low. (-20%
                  | MP) [potion of mutation]
 58558 | Zot:5    | Got the Orb of Zot
 58574 | Zot:5    | Gained mutation: Your spells are a little easier to cast,
                  | but a little less powerful. [a cacodemon]
 58599 | Zot:5    | Gained mutation: You occasionally shout uncontrollably at
                  | your foes. [a neqoxec]
 59283 | Crypt:1  | Entered Level 1 of the Crypt
 59376 | Crypt:1  | Found a runed translucent door.
 59377 | Crypt:1  | Noticed Xenat's ghost (veteran MiGl)
 59442 | Crypt:1  | Killed Xenat's ghost
 59449 | Crypt:1  | Identified the +5 morningstar of Beogh, Hungering {drain,
                  | rElec Str+4}
 59621 | Crypt:1  | Found a basalt altar of Yredelemnul.
 59811 | Crypt:2  | Noticed Cecaxe the pandemonium lord
 59824 | Crypt:2  | Killed Cecaxe the pandemonium lord
 59853 | Crypt:3  | Entered Level 3 of the Crypt
 59909 | Crypt:3  | Noticed an ancient lich
 59920 | Crypt:3  | Killed an ancient lich
 59937 | Crypt:3  | Got an ivory gem with 1800 turns to spare
 59944 | Crypt:3  | Identified the amulet of Jealousy {rN+ Regen+}
 59961 | Crypt:3  | Identified the +5 plate armour "Keafoil" {Stlth+}
 59964 | Crypt:3  | Identified the +2 lajatang "Ykhla Hann" {heavy, ^Fragile
                  | rPois Int+4}
 60115 | Crypt:3  | Found a staircase to the Tomb.
 60124 | Tomb:1   | Entered Level 1 of the Tomb of the Ancients
 60142 | Tomb:1   | Noticed Ceaqoap the pandemonium lord
 60152 | Tomb:1   | Killed Ceaqoap the pandemonium lord
 60316 | Tomb:1   | Noticed Qeithu the pandemonium lord
 60326 | Tomb:1   | Gained mutation: Your movements are slightly less
                  | encumbered by armour. (ER -2) [hidden potential]
 60340 | Tomb:1   | Killed Qeithu the pandemonium lord
 60401 | Tomb:1   | Noticed Buin the pandemonium lord
 60410 | Tomb:1   | Killed Buin the pandemonium lord
 60420 | Tomb:1   | Noticed Jeopn the pandemonium lord
 60432 | Tomb:1   | Killed Jeopn the pandemonium lord
 60463 | Tomb:1   | Noticed a royal mummy
 60470 | Tomb:1   | Killed a royal mummy
 60704 | Tomb:1   | Identified the amulet "Nefrum" {Faith rF++ Will+++ Dex-3}
 60708 | Tomb:2   | Noticed Berumuic the pandemonium lord
 60709 | Tomb:2   | Noticed a royal mummy
 60711 | Tomb:2   | Noticed a royal mummy
 60711 | Tomb:2   | Noticed a royal mummy
 60712 | Tomb:2   | Noticed a royal mummy
 60736 | Tomb:2   | Killed Berumuic the pandemonium lord
 60736 | Tomb:2   | Killed a royal mummy
 60739 | Tomb:2   | Noticed a royal mummy
 60744 | Tomb:2   | Killed a royal mummy
 60748 | Tomb:2   | Killed a royal mummy
 60761 | Tomb:2   | Killed a royal mummy
 60763 | Tomb:2   | Killed a royal mummy
 60837 | Tomb:2   | Noticed Dixiewuc the pandemonium lord
 60844 | Tomb:2   | Killed Dixiewuc the pandemonium lord
 60881 | Tomb:2   | Noticed Gowuweu the pandemonium lord
 60897 | Tomb:2   | Killed Gowuweu the pandemonium lord
 60940 | Tomb:1   | Noticed a royal mummy
 60944 | Tomb:1   | Killed a royal mummy
 60957 | Tomb:1   | Noticed a royal mummy
 60968 | Tomb:1   | Noticed a royal mummy
 60978 | Tomb:1   | Killed a royal mummy
 60984 | Tomb:1   | Noticed a royal mummy
 60988 | Tomb:1   | Killed a royal mummy
 60995 | Tomb:1   | Killed a royal mummy
 61002 | Tomb:1   | Noticed a royal mummy
 61008 | Tomb:1   | Noticed a royal mummy
 61023 | Tomb:1   | Killed a royal mummy
 61026 | Tomb:1   | Killed a royal mummy
 61041 | Tomb:1   | Noticed a royal mummy
 61059 | Tomb:1   | Killed a royal mummy
 61090 | Tomb:1   | Noticed a royal mummy
 61093 | Tomb:1   | Noticed a royal mummy
 61098 | Tomb:1   | Killed a royal mummy
 61109 | Tomb:1   | Killed a royal mummy
 61126 | Tomb:1   | Noticed a royal mummy
 61135 | Tomb:1   | Killed a royal mummy
 61146 | Tomb:1   | Noticed a royal mummy
 61152 | Tomb:1   | Killed a royal mummy
 61200 | Tomb:1   | Noticed a royal mummy
 61213 | Tomb:1   | Killed a royal mummy
 61219 | Tomb:1   | Reached skill level 27 in Dodging
 61223 | Tomb:1   | Gained mutation: You are partially covered in iridescent
                  | scales. (AC +2) [hidden potential]
 61223 | Tomb:1   | Lost mutation: You have hidden genetic potential. [hidden
                  | potential expressed]
 61225 | Tomb:1   | Noticed a royal mummy
 61238 | Tomb:1   | Killed a royal mummy
 61241 | Tomb:1   | Noticed a royal mummy
 61250 | Tomb:1   | Killed a royal mummy
 61251 | Tomb:1   | Reached skill level 5 in Stealth
 61370 | Tomb:3   | Entered Level 3 of the Tomb of the Ancients
 61410 | Tomb:3   | Noticed a royal mummy
 61416 | Tomb:3   | Noticed a royal mummy
 61418 | Tomb:3   | Killed a royal mummy
 61422 | Tomb:3   | Killed a royal mummy
 61516 | Tomb:3   | Identified the +6 morningstar of Xom, Growing {venom,
                  | Str+3}
 61527 | Tomb:3   | Noticed a royal mummy
 61527 | Tomb:3   | Noticed a royal mummy
 61533 | Tomb:3   | Noticed a royal mummy
 61533 | Tomb:3   | Noticed a royal mummy
 61537 | Tomb:3   | Killed a royal mummy
 61539 | Tomb:3   | Killed a royal mummy
 61545 | Tomb:3   | Killed a royal mummy
 61545 | Tomb:3   | Killed a royal mummy
 61547 | Tomb:3   | Noticed a royal mummy
 61552 | Tomb:3   | Noticed a royal mummy
 61552 | Tomb:3   | Noticed a royal mummy
 61563 | Tomb:3   | Killed a royal mummy
 61564 | Tomb:3   | Killed a royal mummy
 61569 | Tomb:3   | Killed a royal mummy
 61582 | Tomb:3   | Noticed Inelepha the pandemonium lord
 61596 | Tomb:3   | Got a golden rune of Zot
 61602 | Tomb:3   | Killed Inelepha the pandemonium lord
 61607 | Tomb:3   | Noticed Kofeo the pandemonium lord
 61621 | Tomb:3   | Killed Kofeo the pandemonium lord
 61647 | Tomb:3   | Got a sanguine gem with 1800 turns to spare
 61691 | Tomb:2   | Noticed Ritruipsoe the pandemonium lord
 61693 | Tomb:2   | Noticed Nallotho the pandemonium lord
 61695 | Tomb:2   | Gained mutation: You do not regenerate when monsters are
                  | visible. [a neqoxec]
 61696 | Tomb:2   | Lost mutation: Your spells are a little easier to cast, but
                  | a little less powerful. [potion of mutation]
 61696 | Tomb:2   | Lost mutation: Your movements are slightly less encumbered
                  | by armour. (ER -2) [potion of mutation]
 61696 | Tomb:2   | Lost mutation: Your body often deteriorates upon taking
                  | damage. [potion of mutation]
 61696 | Tomb:2   | Lost mutation: You occasionally shout uncontrollably at
                  | your foes. [potion of mutation]
 61696 | Tomb:2   | Gained mutation: Your muscles are strong. (Str +4, Int/Dex
                  | -1) [potion of mutation]
 61696 | Tomb:2   | Gained mutation: You have a pair of small horns on your
                  | head. [potion of mutation]
 61696 | Tomb:2   | Gained mutation: You are frail. (-10% HP) [a neqoxec]
 61701 | Tomb:2   | Lost mutation: You are partially covered in iridescent
                  | scales. (AC +2) [potion of mutation]
 61701 | Tomb:2   | Lost mutation: You do not regenerate when monsters are
                  | visible. [potion of mutation]
 61701 | Tomb:2   | Lost mutation: Your muscles are strong. (Str +4, Int/Dex
                  | -1) [potion of mutation]
 61701 | Tomb:2   | Gained mutation: Your mind is acute. (Int +4, Str/Dex -1)
                  | [potion of mutation]
 61709 | Tomb:2   | Killed Ritruipsoe the pandemonium lord
 61713 | Tomb:2   | Reached skill level 10 in Throwing
 61728 | Tomb:2   | Killed Nallotho the pandemonium lord
 62013 | Crypt:1  | Noticed a seraph
 62034 | Crypt:1  | Killed a seraph
 62123 | Vaults:3 | Noticed a seraph
 62145 | Vaults:3 | Killed a seraph
 62452 | Vaults:1 | Noticed Ufaar the pandemonium lord
 62456 | Vaults:1 | Gained mutation: You are very frail. (-20% HP) [a
                  | cacodemon]
 62461 | Vaults:1 | Killed Ufaar the pandemonium lord
 62759 | D:$      | Escaped with the Orb!

Illustrated notes

Levels and vault maps discovered:
D:1:      minmay_arrival_checkered_box, layout_basic
D:2:      layout_rooms, dreamdust_ecumenical_altar_angels_and_demons,
          uniq_terence
D:3:      layout_loops_ring, nicolae_the_louvre, uniq_jessica
D:4:      layout_loops_ring, mainiacjoe_overflow_24_doors, serial_shops, shop,
          uniq_edmund
D:5:      wander_guarded_unrand_ratskin, layout_loops_ring,
          nicolae_elyvilon_peaceful_grove, mainiacjoe_overflow_alcove_1,
          kennysheep_vampire_church, corexii_hall_statues_i
D:6:      layout_rooms, kennysheep_little_box
D:7:      layout_basic, mainiacjoe_overflow_tiny_flanked, vehumet_crystals,
          minmay_temple_entry_antechambers
D:8:      layout_loops_corners, amethyst_overflow_temple_binary,
          nicolae_tricolors, uniq_maggie
D:9:      layout_big_octagon, dancing_weapons_uskayaw
D:10:     layout_gridville, grunt_temple_overflow_order_and_chaos_2,
          hellmonk_lair_entry_icy, enter_trove_6, lightli_elemental_guards,
          uniq_amaemon
D:11:     layout_roguey [special_room_bee], erik_orc_2
D:12:     layout_gridville, ashenzari_altar_1, uniq_snorg
D:13:     layout_loops_ring, david_vaults_5
D:14:     layout_stronghold, minivault_26
D:15:     hangedman_depths_entry_try_elsewhere_first, layout_loops_ring,
          hangedman_decor_diamond_cutter, serial_shops, nicolae_diamond_shop,
          gauntlet_entry_generic, nicolae_titane
Temple:   compressed_dpeg_circular_temple
Lair:1:   layout_gridlike, serial_bayou_shore_a
Lair:2:   layout_cave_pods, minmay_shoals_entry_beasts,
          nicolae_snake_entry_squirm, minmay_stone_trees_small,
          fungi_pond_lemuel, serial_bayou_shore_b
Lair:3:   layout_roguey
Lair:4:   layout_gridlike, serial_rivers, chequers_serial_rivers_small_3,
          chequers_serial_rivers_large_b, chequers_serial_rivers_micro_c,
          chequers_serial_rivers_room_a, chequers_serial_rivers_small_3,
          chequers_serial_rivers_micro_d, nicolae_quartered_pool_little
Lair:5:   grunt_lair_end_beastmaster, layout_loops_ring, slime_entry_1,
          serial_rivers, chequers_serial_rivers_micro_c,
          chequers_serial_rivers_small_3, chequers_serial_rivers_micro_b,
          chequers_serial_rivers_micro_a, chequers_serial_rivers_room_a,
          chequers_serial_rivers_marsh, nicolae_volcano_entry_s_turn
Shoals:1: layout_shoals
Shoals:2: layout_shoals, ebering_ghost_inner_flame,
          nicolae_shoals_goliath_grotto, uniq_roxanne, uniq_frances
Shoals:3: layout_shoals, uniq_polyphemus
Shoals:4: shoals_end_hangedman, layout_shoals, shoals_ilsuiw_alternative,
          nicolae_shoals_nautilus_by_nature, uniq_mara
Snake:1:  layout_chambers
Snake:2:  layout_onion_interference, serial_shops, shop, gammafunk_ghost_arena,
          basic_altar, lemuel_fruit_tree, grunt_megastairs_2, minmay_shop_grove
Snake:3:  layout_misc_corridors
Snake:4:  hellmonk_snake_rune_quicksilver_temple, layout_chambers, uniq_aizul
Slime:1:  layout_caves
Slime:2:  layout_caves, special_room [special_room_jelly]
Slime:3:  layout_caves
Slime:4:  layout_caves, nicolae_slime_welcoming_committee
Slime:5:  slime_pit_nicolae_jellycorners
Orc:1:    layout_diamond_mine
Orc:2:    st_orc_rangers, layout_diamond_mine, kennysheep_orc_chapel,
          uniq_erolcha, uniq_urug, uniq_donald
Elf:1:    eino_elf_arrival_sip, layout_gridlike, ebering_ghost_rock_garden,
          serial_shops, statue_bzr, evilmike_minifort, nicolae_letterblocks
          [nicolae_letter_subblock, nicolae_letter_subblock,
          nicolae_letter_subblock, nicolae_letter_subblock,
          nicolae_letter_subblock, nicolae_letter_subblock,
          nicolae_letter_subblock, nicolae_letter_subblock,
          nicolae_letter_subblock, nicolae_letter_subblock,
          nicolae_letter_subblock, nicolae_letter_subblock,
          nicolae_letter_subblock, nicolae_letter_subblock,
          nicolae_letter_subblock, nicolae_letter_subblock,
          nicolae_letter_subblock, nicolae_letter_subblock,
          nicolae_letter_subblock, nicolae_letter_subblock,
          nicolae_letter_subblock, nicolae_letter_subblock,
          nicolae_letter_subblock, nicolae_letter_subblock,
          nicolae_letter_subblock]
Elf:2:    nicolae_elf_blades_crystal_corner, layout_onion_city, serial_shops,
          nicolae_shop_rolling_square, uniq_asterion
Elf:3:    grunt_elf_hall_branching, layout_geoelf_castle,
          gammafunk_ghost_tricky_traps, minivault_25
Vaults:1: advil_vaults_ghost_lines, v_alt_pattern_3, grunt_vaults_trifunnel,
          v_misc_15, vaults_room_grid, nicolae_vaults_mini_display_case,
          v_misc_9, serial_library_hellmonk_open_square,
          vaults_room_stairs_pillars, v_misc_5, hangedman_vaults_maws,
          layout_vaults_omnicross, serial_shops,
          nicolae_shop_bloodbath_and_beyond, shop, shop, shop
Vaults:2: nicolae_vaults_trapezoid_1, nicolae_vaults_tetromino_L_2,
          nicolae_vaults_closet_pinwheel_2, nicolae_vaults_octothorpe,
          grunt_vaults_bifocal, hangedman_vaults_corner_blocks,
          nicolae_vaults_tangram_1, vaults_room_semicircle, vaults_room_fours,
          ontoclasm_vaults_pinch, layout_vaults_big_room, serial_magic_research,
          hangedman_research_thermodynamics, hangedman_research_thanatology,
          hangedman_research_toxicology
Vaults:3: v_misc_3, hangedman_vaults_river_flow, nicolae_vaults_tetromino_T_1,
          minmay_crypt_entry_simple_plaza, hangedman_vaults_stagger,
          nicolae_vaults_closet_pinwheel_1, special_room_vaults
          [special_room_orc], layout_vaults_quadrants, uniq_nikola
Vaults:4: nicolae_vaults_ring_of_whatevers, nicolae_vaults_octothorpe,
          nicolae_vaults_trapezoid_1, st_octagons_2, v_misc_29, v_misc_22,
          vaults_mumra_chevron_long, nicolae_vaults_trapezoid_lopsided_3,
          vaults_room_stairs_pillars, v_alt_pattern_1, nicolae_vaults_diamond_2,
          nicolae_vaults_three_branches, nicolae_vaults_yaktaur_gun_rack,
          hangedman_vaults_impose, ontoclasm_vaults_decontamination,
          nicolae_vaults_stairing_the_circle, layout_vaults_omnibox, uniq_boris
Vaults:5
Crypt:1:  layout_misc_corridors, gammafunk_ghost_grave,
          grunt_crypt_arrival_guarded_gate, lemuel_upstairs_altar
Crypt:2:  layout_regular_city
Crypt:3:  due_elkab, layout_chaotic_city, serial_glass, glass_columns_b,
          glass_columns_a, glass_columns_b, glass_columns_a
Tomb:1
Tomb:2
Tomb:3
Depths:1: layout_basic, enter_ziggurat_f, grunt_pan_entry_sceptre, hell_entry,
          serial_sigils_hangedman_scratch, nicolae_qazlal_eye_of_the_storm
Depths:2: minmay_the_grid_four_pointed_star_mashed
          [minmay_the_grid_triangle_9x9_thin_v,
          minmay_the_grid_triangle_9x9_dagger,
          minmay_the_grid_triangle_9x9_windchime,
          minmay_the_grid_triangle_9x9_semitri,
          minmay_the_grid_prize_shrinking_boxes], layout_small_grid, pan_entry,
          chequers_serial_rivers_micro_c, hell_entry, hangedman_aviary,
          minmay_staircase_bubble, uniq_josephina, uniq_norris, uniq_grunn
Depths:3: minmay_distorted_concentric_squares, layout_gridville, abandoned_shop,
          hell_entry, hangedman_abyss_entry_splay, grunt_decor_arrowhead,
          monkooky_shop_mail_order, minmay_staircase_windowed_small,
          minmay_shop_star, uniq_jory, uniq_mennas
Depths:4: evilmike_zot_entry_diamond, layout_cave_pools, pan_entry,
          hangedman_coc_ice_floe, skrybe_limestone_x
Hell
Dis:1:    layout_gridville, nicolae_dis_big_boring_drill
Dis:2:    layout_subdivisions, nicolae_hells_fiendish_ambush
Dis:3:    layout_subdivisions, nicolae_dis_distal_crystal
Dis:4:    layout_subdivisions, minmay_strange_pillars, nicolae_dis_bowling_alley
Dis:5:    layout_subdivisions
Dis:6:    nicolae_dis_array, layout_subdivisions, nicolae_dis_emergency_hatch
Dis:7:    iron_city_of_dis [dis_grunt, dis_wall_6], layout_gridville
Geh:1:    layout_gehenna_pools_box
Geh:2:    layout_gehenna_pools_triple
Geh:4:    layout_gehenna_lava_caves
Geh:5:    layout_gehenna_lava_caves, nicolae_geh_gnashing_of_teeth
Geh:6:    nicolae_geh_tyrants_menagerie, layout_gehenna_pools_triple,
          lemuel_flamethrower_2
Geh:7:    geh_old
Coc:1:    layout_cocytus_delve, serial_ice, serial_ice_o, serial_ice_a,
          serial_ice_e
Coc:2:    layout_cocytus_water_paths
Coc:3:    layout_cocytus_delve
Coc:4:    layout_cocytus_water_paths
Coc:5:    layout_ice_bergs
Coc:6:    layout_cocytus_delve
Coc:7:    coc_old
Tar:1:    layout_cathedral_of_symmetry
Tar:2:    layout_grid_maze
Tar:3:    layout_catacombs
Tar:4:    layout_catacombs
Tar:5:    nicolae_tar_checkpoint_tarlie, layout_cathedral_of_symmetry
Tar:6:    layout_catacombs, nicolae_tar_cuneiform_bread
Tar:7:    tar_minmay_river
Zot:1:    kennysheep_room_grid, layout_twisted_circle, skrybe_zot_glass_2
Zot:2:    hangedman_zot_vaults_quadrants, layout_onion_interference,
          hellmonk_ghost_happy_afterlife, regret_index_zotdec_onion_hex,
          grunt_ministairs_14, regret_index_zotdec_serpentine_scales,
          amethyst_zot_foddershock, uniq_tiamat
Zot:3:    gammafunk_sealed_library, layout_misc_corridors
Zot:4:    layout_onion_interference, ebering_ghost_xom, st_small_dragon_hoard_1
Zot:5:    layout_twisted_circle

Skill      XL: |  1  2  3  4  5  6  7  8  9 10 11 12 13 14 15 16 17 18 19 20 21 22 23 24 25 26 27 |
---------------+----------------------------------------------------------------------------------+-----
Throwing       | 2 13 | 13.2
Maces & Flails | 4 5 6 7 9 10 11 12 13 14 16 17 19 20 21 22 23 26 27 | 27.0
Armour         | 1 2 3 4 5 6 7 8 9 10 11 12 16 19 27 | 27.0
Shields        | 2 4 6 8 10 12 14 15 16 17 18 19 22 27 | 27.0
Fighting       | 3 4 5 6 8 9 11 12 14 16 18 20 21 22 23 26 27 | 27.0
Stealth        | 1 2 3 7 |  7.6
Invocations    | 5 7 8 9 16 17 27 | 27.0
Evocations     | 3 5 7 |  7.9
Dodging        | 27 | 27.0

Action                     |  1- 3 |  4- 6 |  7- 9 | 10-12 | 13-15 | 16-18 | 19-21 | 22-24 | 25-27 || total
---------------------------+-------+-------+-------+-------+-------+-------+-------+-------+-------++-------
  Melee: Flail             |    73 |   134 |   351 |   335 |       |       |       |       |       ||   893
         Punch             |     1 |       |       |       |       |       |       |       |       ||     1
         Demon whip        |       |       |       |   498 |  1712 |  1825 |  2095 |  2105 |       ||  8235
         Eveningstar       |       |       |       |       |    65 |     9 |       |   465 |   233 ||   772
         Sacred scourge    |       |       |       |       |       |       |       |       |  7500 ||  7500
         Headbutt          |       |       |       |       |       |       |       |       |    43 ||    43
  Throw: Throwing net      |     1 |     2 |       |     2 |       |       |     1 |       |       ||     6
         Javelin           |       |       |       |       |       |       |     1 |    12 |    22 ||    35
 Invoke: Heroism           |       |       |       |     7 |     6 |    15 |    28 |    26 |       ||    82
         Receive Weapon    |       |       |       |       |     1 |       |       |       |       ||     1
         Receive Armour    |       |       |       |       |     1 |       |       |       |       ||     1
         Finesse           |       |       |       |       |       |     3 |    11 |     9 |       ||    23
         Cleansing Flame   |       |       |       |       |       |       |       |     6 |   316 ||   322
         Divine Shield     |       |       |       |       |       |       |       |     1 |     6 ||     7
         Brand Weapon With |       |       |       |       |       |       |       |       |     1 ||     1
         Summon Divine War |       |       |       |       |       |       |       |       |     1 ||     1
  Evoke: Wand              |       |     2 |     1 |     1 |     1 |       |     4 |       |     3 ||    12
         Condenser vane    |       |       |       |       |       |     1 |     1 |       |       ||     2
    Use: Potion            |       |     2 |       |       |       |       |     4 |     4 |    34 ||    44
         Scroll            |       |       |       |    13 |    20 |     9 |     8 |     2 |    28 ||    80
   Stab: Held in net/web   |       |       |       |     1 |       |       |       |       |       ||     1
         Petrified         |       |       |       |       |     9 |       |       |       |       ||     9
         Petrifying        |       |       |       |       |     2 |       |       |       |       ||     2
         Confused          |       |       |       |       |       |     3 |       |       |       ||     3
 Armour: Leather armour    |     8 |       |       |       |       |       |       |       |       ||     8
         Chain mail        |    39 |       |       |       |       |       |       |       |       ||    39
         Scale mail        |       |   105 |   233 |   422 |   541 |       |       |       |       ||  1301
         Plate armour      |       |       |       |       |     5 |   374 |   434 |  1020 |  3059 ||  4892
  Dodge: Dodged            |    32 |    69 |    96 |   203 |   283 |   346 |   413 |   916 |  2412 ||  4770
         Repelled          |       |       |       |       |       |    16 |    14 |    18 |   101 ||   149
  Block: Tower shield      |       |    99 |   412 |   868 |  1568 |  1943 |  1813 |  2773 |  9357 || 18833
         Reflection        |       |       |       |       |    15 |   140 |    42 |       |       ||   197
